 Dungeon Crawl Stone Soup version 0.25.1-2-g60ff931df9 (webtiles) character file.

Game seed: 10000407604651547503

394 hawla the Chopper (level 6, -1/53 HPs)
             Began as a Hill Orc Monk on Oct 18, 2020.
             Slain by Duvessa
             ... wielding a +0 short sword
              (8 damage)
             ... on level 5 of the Dungeon.
             The game lasted 00:11:43 (5711 turns).

hawla the Chopper (Hill Orc Monk)                   Turns: 5711, Time: 00:11:43

Health: -1/53      AC:  7    Str: 15      XL:     6   Next: 82%
Magic:  6/6        EV: 12    Int: 10      God:
Gold:   218        SH:  0    Dex: 11 (14) Spells: 5/5 levels left

rFire    . . .     SeeInvis .   w - +2 quarterstaff (chaos)
rCold    . . .     Gourm    .   (shield currently unavailable)
rNeg     . . .     Faith    .   e - +0 ring mail
rPois    +         Spirit   .   (no helmet)
rElec    .         Reflect  .   x - +1 cloak {rCorr}
rCorr    +         Harm     .   (no gloves)
MR       .....                  (no boots)
Stlth    +.........             (no amulet)
HPRegen  0.17/turn              o - ring of wizardry
MPRegen  0.10/turn              b - ring of poison resistance

@: lightly drained
A: claws 1, screaming 1
a: no special abilities


You were on level 5 of the Dungeon.
You were not hungry.

You visited 1 branch of the dungeon, and saw 5 of its levels.

You collected 218 gold pieces.

Inventory:

Hand Weapons
 a - a +1 hand axe
 d - a +0 mace
 w - a +2 quarterstaff of chaos (weapon)
Missiles
 j - 4 boomerangs (quivered)
Armour
 e - a +0 ring mail (worn)
 k - a +2 robe of fire resistance
 u - a +0 chain mail
 x - a +1 cloak of preservation (worn)
Jewellery
 b - a ring of poison resistance (right claw)
 o - a ring of wizardry (left claw)
Wands
 n - a wand of digging (5)
 p - a wand of iceblast (9)
Scrolls
 f - 2 scrolls of magic mapping
 m - a scroll of fear
 r - a scroll of enchant weapon
 s - a scroll of enchant armour
Potions
 h - 2 potions of resistance {unknown}
 t - a potion of haste
 v - a potion of stabbing {unknown}
Comestibles
 c - 11 rations


   Skills:
 + Level 4.6(4.5) Fighting
 + Level 6.6(6.5) Axes
 + Level 0.7(3.3) Maces & Flails
 + Level 0.1(0.0) Throwing
 + Level 2.5(2.4) Armour
 * Level 4.0(3.9) Dodging
 - Level 1.5(1.4) Stealth


You had 5 spell levels left.
You didn't know any spells.
Your spell library was empty.

Dungeon Overview and Level Annotations

Branches:
Dungeon (5/15)
 Temple: D:4-7

Altars:
Qazlal

Annotations:
D:5 Dowan, Duvessa


Innate Abilities, Weirdness & Mutations

You have sharp fingernails.
You occasionally shout uncontrollably at your foes.


Message History

Dowan hits you with a +0 dagger. Duvessa hits you but does no damage.
You are too injured to fight recklessly!
You are too injured to fight recklessly!
You are too injured to fight recklessly!
You are too injured to fight recklessly!
You are too injured to fight recklessly!
You are too injured to fight recklessly!
Dowan points at you and mumbles some strange words.
The puff of frost hits you!
You sock Dowan!
You feel better.
Dowan is moderately wounded.
Dowan hits you but does no damage. Duvessa hits you with a +0 short sword!
* * * LOW HITPOINT WARNING * * *
Dowan gestures at you while chanting. The puff of frost hits you.
* * * LOW HITPOINT WARNING * * *
It was a potion of mutation.
You feel extremely strange.
You feel the urge to shout.
Your fingernails lengthen.
Duvessa hits you with a +0 short sword!
You die...

##### ... ... ...
#.# ######### #.#
#.......# #.#
#.#####.####
#e#####.##......<.
#@e........##.####
#######.#####.#
#.#####.#
#.......#
#########


You could see Duvessa (strong, very poisoned) and Dowan.

Vanquished Creatures
  A hound (D:4)
  Crazy Yiuf (D:3)
  A bullfrog skeleton (D:4)
  Jessica (D:3)
  Natasha (twice) (D:3)
  An iguana (D:4)
  2 worker ants (D:4)
  3 gnolls
  A howler monkey skeleton (D:4)
  3 adders
  An ooze (D:3)
  2 worms
  2 dart slugs
  3 leopard geckos
  9 orcs
  7 giant cockroaches
  3 goblins (D:2)
  5 hobgoblins
  2 jackals (D:1)
  A quokka (D:2)
  9 bats
  7 frilled lizards
  9 kobolds
  6 rats
82 creatures vanquished.

Notes
Turn   | Place    | Note
-------+----------+-------------------------------------------
     0 | D:1      | hawla the Hill Orc Monk began the quest for the Orb.
     0 | D:1      | Reached XP level 1. HP: 19/19 MP: 1/1
   108 | D:1      | Reached XP level 2. HP: 25/27 MP: 2/2
   739 | D:1      | Reached XP level 3. HP: 33/33 MP: 3/3
  2459 | D:2      | Reached XP level 4. HP: 30/40 MP: 4/4
  2545 | D:2      | Reached skill level 5 in Axes
  3077 | D:3      | Noticed Jessica
  3082 | D:3      | Killed Jessica
  3082 | D:3      | Reached XP level 5. HP: 45/46 MP: 5/5
  3184 | D:3      | Reached skill level 1 in Armour
  3196 | D:3      | Noticed Natasha
  3209 | D:3      | Killed Natasha
  3609 | D:3      | Found a runed translucent door.
  3610 | D:3      | Noticed Crazy Yiuf
  3628 | D:3      | Noticed Natasha
  4721 | D:4      | Reached skill level 6 in Axes
  4721 | D:4      | Reached XP level 6. HP: 41/53 MP: 6/6
  4911 | D:4      | Found a stormy altar of Qazlal.
  5469 | D:3      | Killed Crazy Yiuf
  5521 | D:3      | Killed Natasha
  5671 | D:5      | Entered Level 5 of the Dungeon
  5698 | D:5      | Noticed Duvessa
  5698 | D:5      | Noticed Dowan
  5711 | D:5      | Gained mutation: You occasionally shout uncontrollably at
                  | your foes. [potion of mutation]
  5711 | D:5      | Gained mutation: You have sharp fingernails. [potion of
                  | mutation]
  5711 | D:5      | Slain by Duvessa

Illustrated notes

Levels and vault maps discovered:
D:1:      nzn_arrival_settlement, layout_basic, minmay_misc_feat_tower
D:2:      layout_loops_ring, serial_forest, infiniplex_forest_clump_tiny,
          infiniplex_forest_clump_cross, infiniplex_forest_clump_curved,
          infiniplex_forest_corner_1, infiniplex_forest_corner_1,
          infiniplex_forest_lined_3_way, infiniplex_forest_corner_2,
          infiniplex_forest_3_way
D:3:      layout_basic, first_ration, uniq_jessica, uniq_natasha,
          uniq_crazy_yiuf_cottage
D:4:      layout_basic, kennysheep_little_box
D:5:      layout_loops_cross, nicolae_overflow_hidden_temple,
          lemuel_doored_altar, serial_glass, glass_columns_b, glass_columns_c,
          glass_columns_c, glass_columns_c, uniq_edmund, uniq_duvessa

Skill      XL: |  1  2  3  4  5  6 |
---------------+-------------------+-----
Dodging        | 3 4 |  4.0
Fighting       | 4 |  4.6
Axes           | 5 6 |  6.6
Armour         | 2 |  2.5
Maces & Flails | |  0.7
Throwing       | |  0.1
Stealth        | |  1.5

Action                   |  1- 3 |  4- 6 || total
-------------------------+-------+-------++-------
Melee: Hand axe          |   168 |   215 ||   383
       Mace              |    11 |       ||    11
       Quarterstaff      |       |    12 ||    12
Throw: Boomerang         |       |    10 ||    10
  Use: Potion            |     2 |     2 ||     4
       Scroll            |     6 |     6 ||    12
 Stab: Sleeping          |     5 |       ||     5
  Eat: Chunk             |     5 |     6 ||    11
       Ration            |       |     2 ||     2
Armor: Robe              |    45 |       ||    45
       Leather armour    |     1 |    27 ||    28
       Ring mail         |       |    35 ||    35
Dodge: Dodged            |   153 |   145 ||   298
